 Dungeon Crawl Stone Soup version 0.30-a0-335-ge5acde7520 (webtiles) character file.

Game seed: 9318022437185417483

236 DasBelly the Firebug (level 5, -1/28 HPs)
             Began as a Deep Elf Fire Elementalist on Oct 31, 2022.
             Slain by a kobold brigand
             ... wielding a +0 club
              (7 damage)
             ... in a sewer.
             The game lasted 00:06:20 (2025 turns).

DasBelly the Firebug (Deep Elf Fire Elementalist)   Turns: 2025, Time: 00:06:21

Health: -1/28      AC:  2    Str:  5    XL:     5   Next: 77%
Magic:  5/11       EV: 12    Int: 22    God:
Gold:   61         SH:  0    Dex: 15    Spells: 1/10 levels left

rFire   . . .      SeeInvis .    m - +1 short sword (venom)
rCold   . . .      Faith    .    (no shield)
rNeg    . . .      Spirit   .    a - +0 robe
rPois   .          Reflect  .    (no helmet)
rElec   .          Harm     .    (no cloak)
rCorr   .          Rampage  .    (no gloves)
Will    .....                    (no boots)
Stlth   ++........               k - amulet of regeneration
HPRegen 1.04/turn                (no ring)
MPRegen 0.12/turn                (no ring)

@: lethally poisoned (-1 -> -2), slowed, very slow
A: no striking features
a: no special abilities


You were in a sewer.
You visited 1 branch of the dungeon, and saw 3 of its levels.
You also visited: Sewer.

You collected 61 gold pieces.

Inventory:

Hand Weapons
 m - a +1 short sword of venom (weapon)
Armour
 a - a +0 robe (worn)
Jewellery
 h - an amulet of guardian spirit
 k - an amulet of regeneration (around neck)
Scrolls
 c - 3 scrolls of identify {unknown}
 d - a scroll of fear {unknown}
 f - a scroll of butterflies {unknown}
 j - a scroll of enchant armour {unknown}
 l - 2 scrolls of teleportation {unknown}
 n - a scroll of blinking {unknown}
Potions
 b - 2 potions of magic
 e - 3 potions of heal wounds
 g - a potion of mutation {unknown}
 i - a potion of berserk rage {unknown}
 o - a potion of haste {unknown}
 p - a potion of resistance {unknown}


   Skills:
 - Level 2.4 Dodging
 - Level 2.4 Stealth
 - Level 3.0 Spellcasting
 + Level 4.0 Conjurations
 - Level 6.0 Fire Magic


You had one spell level left.
You knew the following spells:

 Your Spells              Type           Power      Damage    Failure   Level
a - Foxfire               Conj/Fire      100%       2x1d9     1%          1
b - Scorch                Fire           58%        2d7       1%          2
c - Inner Flame           Hex/Fire       16%        N/A       11%         3
d - Kindle Blastsparks    Fire/Tloc/Air  24%        2d12      16%         3

Your spell library contained the following spells:

 Spells                   Type           Power      Damage    Failure   Level
 Flame Wave               Conj/Fire      25%        2d8       16%         4


Dungeon Overview and Level Annotations

Branches:
Dungeon (4/15)              Sewer (1/1)
 Temple: D:4-7

Altars:
Cheibriados
Yredelemnul


Message History

The kobold is moderately wounded.
The foxfire hits the kobold brigand.
The kobold brigand is lightly wounded.
You conjure some foxfire!
The kobold misses you.
The kobold brigand throws a curare-tipped dart.
The curare-tipped dart hits you.
You are poisoned.
You have difficulty breathing.
You feel yourself slow down.
Unknown command.
You conjure some foxfire!
You feel very sick.
The foxfire hits the kobold but does no damage.
The kobold is moderately wounded.
The foxfire hits the kobold.
You kill the kobold!
The kobold hits you with a +0 short sword.
You are too injured to fight recklessly!
Casting: Foxfire (safe; 1% risk of failure)
Confirm with . or Enter, or press ? or * to list all spells.
You conjure some foxfire!
You feel very sick.
The foxfire hits the kobold.
You kill the kobold!
The foxfire hits the kobold.
You kill the kobold!
The foxfire hits the kobold.
You kill the kobold!
The kobold completely misses you.
The kobold brigand hits you with a +0 club.
* * * LOW HITPOINT WARNING * * *
Casting: Foxfire (safe; 1% risk of failure)
Confirm with . or Enter, or press ? or * to list all spells.
Flames lash the kobold brigand.
The kobold brigand is heavily wounded.
The kobold brigand's fire resistance burns away.
You feel very sick.
The foxfire hits the kobold brigand.
The kobold brigand is heavily wounded.
The kobold brigand hits you with a +0 club!
You die...

#...'~~~#
######~≈~####
#....#~≈~#...
#..∩.#~≈~#?∩.
#....#~≈~#...
#.)..#~≈~#.!.
##')##~~~##''###
#....#~≈~#...K.###
###...P#~≈~#...K@§.#
#.PP.~~~~≈~#÷..)§..#
##...~~~~≈~#.......#
##...~P#~≈~#~......#
#....~~#~~~#~~.....#
#......#~≈~#~~~.P..##
#......#~≈~÷~~......#
#......#~≈~~~~......#
#....P.#~≈~~~..P...##


You could see a kobold brigand (combustible) and a kobold.

Vanquished Creatures
  2 kobold brigands (Sewer)
  Terence (D:2)
  2 adders (D:2)
  A worm (D:2)
  3 endoplasms
  5 giant cockroaches
  A goblin (D:1)
  5 jackals (D:1)
  15 kobolds
  6 ball pythons
  8 bats
  4 frilled lizards
  7 rats
60 creatures vanquished.

Vanquished Creatures (collateral kills)
  2 foxfires (Sewer)
2 creatures vanquished.

Vanquished Creatures (others)
  141 foxfires
  2 plants (Sewer)
143 creatures vanquished.

Grand Total: 205 creatures vanquished

Notes
Turn   | Place    | Note
-------+----------+-------------------------------------------
     0 | D:1      | DasBelly the Deep Elf Fire Elementalist began the quest for
                  | the Orb.
     0 | D:1      | Reached XP level 1. HP: 10/10 MP: 6/6
   214 | D:1      | Reached XP level 2. HP: 15/15 MP: 4/8
   248 | D:1      | Learned a level 2 spell: Scorch
   266 | D:1      | Reached skill level 4 in Fire Magic
   948 | D:2      | Reached XP level 3. HP: 9/19 MP: 0/9
  1249 | D:2      | Noticed Terence
  1257 | D:2      | Killed Terence
  1258 | D:2      | Reached skill level 5 in Fire Magic
  1258 | D:2      | Reached XP level 4. HP: 24/24 MP: 2/10
  1330 | D:2      | You fall into a shaft and drop 2 floors!
  1438 | D:4      | Found a snail-covered altar of Cheibriados.
  1438 | D:4      | Found a basalt altar of Yredelemnul.
  1483 | D:4      | Found a glowing drain.
  1496 | Sewer    | Entered a sewer
  1559 | Sewer    | Learned a level 3 spell: Inner Flame
  1563 | Sewer    | Learned a level 3 spell: Kindle Blastsparks
  1848 | Sewer    | Noticed a kobold brigand
  1858 | Sewer    | Killed a kobold brigand
  1859 | Sewer    | Reached skill level 6 in Fire Magic
  1859 | Sewer    | Reached XP level 5. HP: 28/28 MP: 0/11
  2025 | Sewer    | Slain by a kobold brigand

Illustrated notes

Levels and vault maps discovered:
D:1:      lemuel_arrival_funnel, layout_loops_ring, chequers_arboretum
D:2:      layout_loops_ring, uniq_terence, uniq_robin
D:4:      layout_basic, gammafunk_temple_overflow_pools, lemuel_tele_altar,
          cheibrodos_sewer_entry_drain
Sewer:    kennysheep_pipe_town

Skill      XL: |  1  2  3  4  5 |
---------------+----------------+-----
Fire Magic     | 4 5 6 |  6.0
Conjurations   | 2 4 |  4.0
Dodging        | |  2.4
Stealth        | |  2.4
Spellcasting   | |  3.0

Action                   |  1- 3 |  4- 6 || total
-------------------------+-------+-------++-------
Melee: Unarmed           |    14 |       ||    14
       Short sword       |       |     5 ||     5
 Cast: Foxfire           |    37 |    48 ||    85
       Scorch            |     7 |     4 ||    11
  Use: Potion            |     1 |       ||     1
Armor: Robe              |     4 |     1 ||     5
Dodge: Dodged            |    10 |    11 ||    21

Table legend: (Time is in decaauts)
 A = Elapsed time spent in this place.
 B = Non-inter-level travel time spent in this place.
 C = Inter-level travel time spent in this place.
 D = Time resting spent in this place.
 E = Time spent auto-exploring this place.
 F = Levels seen in this place.
 G = Mean time per level.
                   A        B        C        D        E       F      G
               +--------+--------+--------+--------+--------+-----+--------+
         Total |   2069 |   2020 |     49 |    253 |   1087 |   4 |  517.2 |
       Dungeon |   1497 |   1448 |     49 |     71 |   1055 |   3 |  499.0 |
         Sewer |    571 |    571 |      0 |    182 |     32 |   1 |  571.0 |
               +--------+--------+--------+--------+--------+-----+--------+

Top non-repeatable levels by time:
     D:1: 920 daAuts
   Sewer: 571 daAuts
     D:2: 409 daAuts
     D:4: 167 daAuts
